 Dungeon Crawl Stone Soup version 0.19.0-9-gfd783f2 (webtiles) character file.

74 MovingMist the Skirmisher (level 4, 0/41 HPs)
             Began as a Ghoul Monk on Nov 7, 2016.
             Was an Initiate of Ru.
             Slain by a gnoll
             ... wielding a +0 antimagic spear
              (2 damage)
             ... on level 2 of the Dungeon.
             The game lasted 00:04:32 (1421 turns).

MovingMist the Skirmisher (Ghoul Monk)              Turns: 1421, Time: 00:04:33

Health: 0/41       AC:  8    Str: 15    XL:     4   Next: 30%
Magic:  0/3        EV:  7    Int:  3    God:    Ru [......]
Gold:   77         SH:  0    Dex: 11    Spells: 0 memorised, 3 levels left

rFire  . . .     SeeInvis .       - Unarmed
rCold  + . .     Gourm    .     n - +0 chain mail
rNeg   + + +     Faith    .     (no shield)
rPois  ∞         Spirit   +     (no helmet)
rElec  .         Reflect  .     (no cloak)
rCorr  .         Harm     .     (no gloves)
MR     .....                    (no boots)
Stlth  ..........               o - amulet of guardian spirit
                                (no ring)
                                (no ring)

@: rotting
A: rotting body, claws 1, carnivore 3, cold resistance 1, dopey 1, negative
energy resistance 3, slow regeneration 1, torment resistance, unbreathing
a: Renounce Religion


You were on level 2 of the Dungeon.
You worshipped Ru.
Ru was noncommittal.
You were not hungry.

You visited 1 branch of the dungeon, and saw 2 of its levels.

You collected 77 gold pieces.

Inventory:

Armour
 a - a +0 robe
 n - a +0 chain mail (worn)
Jewellery
 o - an amulet of guardian spirit (around neck)
Scrolls
 d - a scroll of recharging {unknown}
 e - a scroll of teleportation {unknown}
 i - 2 scrolls of fear {unknown}
 j - a scroll of identify {unknown}
Potions
 c - 2 potions of agility {unknown}
 f - a potion of cancellation {unknown}
 m - a potion of curing {unknown}
Comestibles
 b - 2 meat rations
 h - a royal jelly
 k - a beef jerky
 p - a slice of pizza


   Skills:
 - Level 4.5 Fighting
   Level 1.2 Axes
 + Level 0.3 Armour
 - Level 3.1 Dodging
 - Level 2.1 Stealth
 + Level 3.5 Unarmed Combat


You had 3 spell levels left.
You didn't know any spells.

Dungeon Overview and Level Annotations

Branches:
Dungeon (2/15)

Altars:
Ru


Innate Abilities, Weirdness & Mutations

Your body is rotting away.
You thrive on raw meat.
You are immune to poison.
You have sharp fingernails.
You are carnivorous and can eat meat at any time.
Your flesh is cold resistant. (rC+)
You are dopey. (Int -2)
You are immune to negative energy. (rN+++)
You regenerate slowly when monsters are visible.
You are immune to unholy pain and torment.
You can survive without breathing.


Message History

Your chain mail prevents you from hitting the gnoll.
The gnoll is almost dead.
The gnoll hits you but does no damage. x2
Your chain mail prevents you from hitting the gnoll.
The gnoll is almost dead.
The gnoll hits you from afar with an antimagic spear.
* * * LOW HITPOINT WARNING * * *
The gnoll hits you but does no damage.
You scratch the gnoll.
The gnoll is almost dead.
The gnoll hits you from afar with an antimagic spear.
* * * LOW HITPOINT WARNING * * *
The gnoll hits you but does no damage. The gnoll barely misses you.
The gnoll hits you but does no damage. The gnoll hits you but does no damage.
The gnoll hits you but does no damage. The gnoll closely misses you.
Your chain mail prevents you from hitting the gnoll.
The gnoll is almost dead.
The gnoll hits you from afar with an antimagic spear.
You die...

# #.#≈...≈#.##.###
#.)#####.# ##
#.#.≈≈≈.#......#
##.## ##..
.####.#.....#..###.#
#..# #..#
..##...#...#.###
#.####.######..#
#.......#.#.##
#...##.........#
#..###...#.###
###...<#######>#
..## #.......###
###.### #.. ###
#######...### #...##
#.# ###..@###
###..#####.#
###.gg### ##........
###...# #######.#
###.# #.# #.## #.#
########..## #.#
.....g)....# #.#
############ ###


You could see 2 gnolls.

Vanquished Creatures
  A gnoll (D:2)
  3 adders (D:2)
  An ooze (D:2)
  A worm (D:2)
  A dart slug (D:2)
  A ball python (D:2)
  A giant cockroach (D:1)
  3 goblins
  2 hobgoblins
  9 kobolds
  3 bats
  6 rats
32 creatures vanquished.

Notes
Turn   | Place    | Note
-------+----------+-------------------------------------------
     0 | D:1      | MovingMist the Ghoul Monk began the quest for the Orb.
     0 | D:1      | Reached XP level 1. HP: 19/19 MP: 0/0
   395 | D:1      | Reached XP level 2. HP: 19/26 MP: 1/1
   841 | D:2      | Found a sacrificial altar of Ru.
   865 | D:2      | Reached skill level 4 in Fighting
   865 | D:2      | Reached skill level 1 in Axes
   865 | D:2      | Reached XP level 3. HP: 7/33 MP: 2/2
  1024 | D:2      | Became a worshipper of Ru the Awakened
  1039 | D:2      | Gained mutation: You are dopey. (Int -2) [Ru sacrifice]
  1167 | D:2      | Reached XP level 4. HP: 26/41 MP: 3/3
  1410 | D:2      | HP: 1/41 [gnoll/antimagic spear (2)]
  1421 | D:2      | Slain by a gnoll

Skill      XL: |  1  2 |
---------------+-------+-----
Fighting       | 4 |  4.5
Axes           | 1 |  1.2
Dodging        | 3 |  3.1
Armour         | |  0.3
Stealth        | |  2.1
Unarmed Combat | |  3.5

Action                   |  1- 3 |  4- 6 || total
-------------------------+-------+-------++-------
Melee: Unarmed           |    21 |    23 ||    44
       Hand axe          |    70 |     4 ||    74
       Punch             |       |     1 ||     1
Invok: Sacrifice Purity  |     1 |       ||     1
 Stab: Sleeping          |     2 |       ||     2
  Eat: Chunk             |     7 |     2 ||     9
Armor: Robe              |    12 |       ||    12
       Chain mail        |       |    16 ||    16
Dodge: Dodged            |    74 |    12 ||    86
